 Dungeon Crawl Stone Soup version 0.28.0-45-g0d030f2227 (webtiles) character file.

Game seed: 12259412260062578988

38 firemarshallily the Magician (level 3, -6/25 HPs)
             Began as a Djinni Summoner on Apr 12, 2022.
             Mangled by Sigmund
             ... wielding a +0 scythe
              (10 damage)
             ... on level 2 of the Dungeon.
             The game lasted 00:10:38 (2371 turns).

firemarshallily the Magician (Djinni Summoner)      Turns: 2371, Time: 00:10:38

Health: -6/25      AC:  2    Str:  7    XL:     3   Next: 65%
Gold:   30         EV: 12    Int: 18    God:
                   SH:  0    Dex: 13

rFire   + + .      SeeInvis .   g - +0 club
rCold   x . .      Faith    .   (no shield)
rNeg    . . .      Spirit   .   a - +0 robe
rPois   ∞          Reflect  .   (no helmet)
rElec   .          Harm     .   (no cloak)
rCorr   .          Rampage  .   (no gloves)
Will    .....                   (boots unavailable)
Stlth   ++........              (no amulet)
HPRegen 0.08/turn               (no ring)
MPRegen 0.00/turn               (no ring)

@: flying
A: sickness immunity, fire resistance 2, cold vulnerability 1, float, innate
caster, HP casting, extra vitality 1
a: no special abilities


You were on level 2 of the Dungeon.
You visited 1 branch of the dungeon, and saw 2 of its levels.

You collected 30 gold pieces.

Inventory:

Hand Weapons
 g - a +0 club (weapon)
Missiles
 c - 28 stones (quivered)
Armour
 a - a +0 robe (worn)
Scrolls
 b - 2 scrolls of identify {unknown}
 f - a scroll of teleportation {unknown}
 i - a scroll of vulnerability {unknown}
 k - a scroll of fear {unknown}
Potions
 d - a potion of mutation {unknown}
 e - a potion of degeneration {unknown}
 h - a potion of invisibility {unknown}
 j - a potion of haste {unknown}
 l - a potion of might {unknown}


   Skills:
 + Level 2.3 Dodging
 + Level 1.6 Stealth
 + Level 4.0 Spellcasting


You couldn't memorise any spells.
You knew the following spells:

 Your Spells              Type           Power      Damage    Failure   Level
a - Summon Small Mammal   Summ           72%        N/A       2%          1
b - Call Imp              Summ           18%        N/A       4%          2
c - Call Canine Familiar  Summ           18%        N/A       9%          3
d - Summon Guardian Gole  Hex/Summ       18%        N/A       9%          3
e - Summon Lightning Spi  Summ/Air       18%        N/A       28%         4
f - Shock                 Conj/Air       72%        1d7       2%          1
Your spell library was empty.

Dungeon Overview and Level Annotations

Branches:
Dungeon (2/15)

Altars:

Shops:
D:2 [

Annotations:
D:2 Sigmund


Innate Abilities, Weirdness & Mutations

You are immune to sickness and miasma.
You are immune to poison.
Your flesh is very heat resistant. (rF++)
You are vulnerable to cold. (rC-)
You float through the air rather than walking.
You learn spells naturally, not from books.
Your magical power is your life essence.
You have superior vitality. (+4 MHP)


Message History

Your bat hits something.
Your hound completely misses something.
Something hits your bat.
Your bat dies!
Your bat's corpse disappears in a puff of smoke!
Your hound bites something.
Your hound misses something. Your hound misses something.
Something barely misses your hound.
Your hound barely misses something.
Your hound bites something but does no damage.
Something barely misses your hound.
Your hound barely misses something.
Your hound bites something.
Something hits your hound.
Your hound bites something.
Your hound barely misses something.
Something hits your hound!
Your hound bites something.
Your hound barely misses something.
Something closely misses your hound.
Your hound bites something but does no damage.
Your hound closely misses something.
Your hound barely misses something.
Something barely misses your hound.
Your hound bites something but does no damage.
Your hound barely misses something.
A puff of flame appears from out of thin air!
The puff of flame hits your hound!
Your hound dies!
Your hound's corpse disappears in a puff of smoke!
Casting: Call Canine Familiar (quite dangerous; 9% risk of failure)
Confirm with . or Enter, or press ? or * to list all spells.
The spell is quite dangerous to miscast (9% risk of failure)!
Continue anyway?
You hear a shout!
* * * LOW HITPOINT WARNING * * *
You hear some strange, mumbled words.
Your hound appears confused.
Something hits your hound!
Your hound misses something.
A puff of flame appears from out of thin air!
The puff of flame misses you.
You hear some strange, mumbled words.
Something tries to affect you, but you resist.
Your hound bites something but does no damage.
Your white imp disappears in a puff of smoke!
Something hits you!
You die...

#g# #.####.### #.# .........#
#.# .#...#...# #.# ..#.#..#.#
#.# ..∩...#.## #.#
..#.#.....##### #.#
.#...#.......h###.#######
............<..>@.......#
##...#?.....†.##§######÷# #..
#....#...........#{# #
#.$.....##..###......#.##.#####
##..#.####..# ######...........
#..#.####..# #.####......
..........<.# #.# #.#.#
#.....#####.# #.# # ..# #.#


You could see a friendly hound (summoned, confused).

Vanquished Creatures
  A bat (D:2)
1 creature vanquished.

Vanquished Creatures (collateral kills)
  3 dart slugs (D:1)
  4 endoplasms (D:1)
  2 giant cockroaches
  3 goblins (D:1)
  3 hobgoblins (D:1)
  6 kobolds (D:1)
  2 ball pythons (D:1)
  2 bats
  A frilled lizard (D:1)
  2 rats (D:1)
28 creatures vanquished.

Grand Total: 29 creatures vanquished

Notes
Turn   | Place    | Note
-------+----------+-------------------------------------------
     0 | D:1      | firemarshallily the Djinni Summoner began the quest for the
                  | Orb.
     0 | D:1      | Reached XP level 1. HP: 15/15 MP: 0/0
   289 | D:1      | Reached XP level 2. HP: 9/21 MP: 0/0
  1205 | D:1      | Reached XP level 3. HP: 21/25 MP: 0/0
  1205 | D:1      | Learned a level 1 spell: Shock
  1271 | D:1      | You are sucked into a shaft and drop 1 floor!
  1271 | D:2      | Noticed Sigmund
  1272 | D:2      | Found Uboiwout's Antique Armour Emporium.
  1987 | D:1      | Reached skill level 4 in Spellcasting
  2371 | D:2      | Mangled by Sigmund

Illustrated notes

Levels and vault maps discovered:
D:1:      ncdulo_smallfort, layout_basic, dk_noncrumbling_3, solitary_fountain
D:2:      layout_loops_ring, serial_shops, nicolae_shop_advertising_works
          [nicolae_subvault_shop_adworks], shop, shop, shop, shop, uniq_sigmund

Skill      XL: |  1  2  3 |
---------------+----------+-----
Spellcasting   | 4 |  4.0
Dodging        | |  2.3
Stealth        | |  1.6

Action                   || total
-------------------------++-------
Melee: Club              ||     6
Throw: Stone             ||     3
 Cast: Summon Small Mamm ||    53
       Call Imp          ||    18
       Call Canine Famil ||     2
Armor: Robe              ||    17
Dodge: Dodged            ||    35
